AoeStats
← DJax

Arabia

510430337Analyzed
1v1 RM · 14h ago on Oct 1, 2026· 28m 36s· 2 players
Game mode
Random Map
Map size
Tiny (2 player)
Population
200
Speed
Normal
Resources
Standard
Victory
Conquest
Starting age
Dark Age
Ending age
Imperial Age
RankedLock teamsTeams togetherTeam positionsShared explorationLock speedFull tech treeHidden civsTurbo modeCheats
Victory
Defeat
🇺🇸 Romans · United States
1017
+14
🇨🇦 Persians · Canada
969
-14
DJax
6:15 Loom
9:53 Feudal Age
10:06 Man-at-Arms
10:46 Double-Bit Axe
15:20 Horse Collar
16:27 Fletching
18:54 Wheelbarrow
21:46 Castle Age
20:42 Padded Archer Armor
20:44 Gold Mining
22:40 Bodkin Arrow
22:06 Crossbowman
23:21 Bow Saw
24:43 Leather Archer Armor
27:16 Pikeman
28:40 Scale Mail Armor
28:51 Forging
29:31 Ballistics
Marilou
8:50 Loom
10:52 Feudal Age
11:22 Double-Bit Axe
11:18 Horse Collar
16:20 Gold Mining
21:30 Castle Age
20:34 Bloodlines
21:17 Scale Barding Armor
23:43 Heavy Plow
27:00 Forging
Connection lost

Rejoining the realm…

Still unreachable

The connection could not be restored.

Session expired

The server has moved on; the page needs a fresh start.